 Dungeon Crawl Stone Soup version 0.22-a0-240-g539252a (webtiles) character file.

41608 b5mith the Fighter (level 13, -10/125 HPs)
             Began as a Minotaur Berserker on Feb 21, 2018.
             Was the Champion of Trog.
             Mangled by a two-headed ogre
             ... wielding a +0 dire flail
              (15 damage)
             ... on level 15 of the Dungeon.
             The game lasted 01:07:09 (14193 turns).

b5mith the Fighter (Minotaur Berserker)            Turns: 14193, Time: 01:07:10

Health: -10/125    AC: 14    Str: 28    XL:     13   Next: 80%
Magic:  12/12      EV: 21    Int: -1    God:    Trog [******]
Gold:   891        SH:  0    Dex: 12    Spells: 12/12 levels left

rFire    + . .     SeeInvis +   P - +3 glaive (venom)
rCold    . . .     Gourm    .   (shield currently unavailable)
rNeg     . . .     Faith    +   h - +0 acid dragon scales
rPois    .         Spirit   .   (helmet restricted)
rElec    .         Reflect  .   W - +0 cloak "Osaaroizes" {rF+ Str+3 Int-5 Slay+6} (curse)
rCorr    +         Harm     .   Q - +0 pair of gloves
MR       .....                  z - +0 pair of boots
Stlth    +.........             e - amulet of faith
HPRegen  0.30/turn              u - +2 ring of evasion
MPRegen  0.13/turn              C - ring of see invisible

@: berserk cooldown, slowed, lost intelligence, very slow
A: retaliatory headbutt, horns 2
a: Berserk, Trog's Hand, Brothers in Arms, Renounce Religion


You were on level 15 of the Dungeon.
You worshipped Trog.
Trog was exalted by your worship.
You were hungry.

You visited 1 branch of the dungeon, and saw 15 of its levels.

You collected 891 gold pieces.

Inventory:

Hand Weapons
 w - the +12 triple sword of Exhibitionism {slice, rPois rC+}
   (Trog gifted it to you on level 14 of the Dungeon)

   It inflicts extra damage upon your enemies.
   It protects you from cold.
   It protects you from poison.
 O - a +6 halberd
 P - a +3 glaive of venom (weapon)
 U - a +3 halberd of venom
Missiles
 y - 22 tomahawks
 E - 3 throwing nets
 H - 7 javelins (quivered)
Armour
 h - +0 acid dragon scales (worn)
 z - a +0 pair of boots (worn)
 M - the +0 leather armour "Lofoem" {+Blink rC+ Regen+}
   (You found it on level 9 of the Dungeon)

   It protects you from cold.
   It lets you blink.
   It increases your rate of regeneration.
 Q - a +0 pair of gloves (worn)
 W - the cursed +0 cloak "Osaaroizes" (worn) {rF+ Str+3 Int-5 Slay+6}
   (You found it on level 13 of the Dungeon)

   It affects your strength (+3).
   It affects your intelligence (-5).
   It affects your accuracy and damage with ranged weapons and melee attacks
   (+6).
   It protects you from fire.
   It has a curse placed upon it.
Jewellery
 e - an amulet of faith (around neck)
 u - a +2 ring of evasion (left hand)
 C - a ring of see invisible (right hand)
 F - an uncursed ring of magical power
 S - an uncursed ring of magical power
Wands
 r - a wand of acid (14)
 v - a wand of scattershot (3)
 J - a wand of polymorph (10)
 L - a wand of digging (30)
 T - a wand of enslavement (16)
Scrolls
 d - 4 scrolls of noise
 f - 5 scrolls of teleportation
 g - 2 scrolls of remove curse {@r2}
 i - 2 scrolls of magic mapping
 k - a scroll of amnesia {unknown}
 n - 3 scrolls of random uselessness {unknown}
 B - a scroll of holy word
 G - a scroll of fog {unknown}
 I - a scroll of blinking
 K - a scroll of enchant armour {unknown}
 N - a scroll of vulnerability {unknown}
 R - 3 scrolls of immolation
 V - a scroll of brand weapon {unknown}
 X - 3 scrolls of identify {@r1}
 Y - a scroll of enchant weapon
Potions
 a - a potion of degeneration {unknown}
 j - a potion of flight
 l - 3 potions of haste
 m - 2 potions of lignification
 o - a potion of magic
 p - 2 potions of resistance {unknown}
 q - 3 potions of agility
 t - 3 potions of berserk rage
 x - 6 potions of curing {@q1}
 A - 2 potions of might
 Z - a potion of heal wounds
Miscellaneous
 s - a phial of floods
Comestibles
 c - 17 rations


   Skills:
 + Level 14.4 Fighting
 + Level 14.4 Polearms
 + Level 14.2 Armour
 + Level 13.2 Dodging


You had 12 spell levels left.
You didn't know any spells.

Dungeon Overview and Level Annotations

Branches:
Dungeon (15/15)            Temple (0/1) D:6            Lair (0/6) D:10
    Orc (0/2) D:11         Vaults (0/5) D:13
 Depths: D:15

Altars:
Elyvilon
Vehumet
Wu Jian

Shops:
D:6 :


Innate Abilities, Weirdness & Mutations

You reflexively headbutt those who attack you in melee.
You have a pair of horns on your head.


Message History

Found a scroll labeled SOPEUPA XOUCW.
Things that are here:
a dire flail; a dire flail of draining; a two-headed ogre corpse You are no longer berserk.
You are exhausted.
You feel yourself slow down.
Found 18 stones.
The two-headed ogre closely misses you. You furiously retaliate!
You headbutt the two-headed ogre!
The two-headed ogre hits you but does no damage.
The ogre mage hits you but does no damage.
You almost manage to decipher the scroll, but fail in this attempt.
The two-headed ogre hits you but does no damage.
The two-headed ogre misses you.
The ogre mage hits you but does no damage.
The ogre mage completely misses you.
The two-headed ogre hits you with a dire flail.
* * * LOW HITPOINT WARNING * * *
The two-headed ogre hits you with a giant club!
You die...

.).......................#...
.........................'⌠.
######.....#######.....J.#
#.....# #....(#.# #.....#
#....S# #.....#. #...(.+ #..
#.))..# ###...####)#.O.....#
+......@OO.#...)...#
#.?........+.......#
#(....##...#.......# #.....
###########... ..... ...
..... TO #... #...


You could see a two-headed ogre and an ogre mage.

Vanquished Creatures
  Frances (D:13)
  Kirke (D:13)
  Roxanne (D:14)
  A vault guard (D:13)
  Erica (D:11)
  2 centaur warriors
  A death knight (D:14)
  11 two-headed ogres
  Urug (D:13)
  6 skeletal warriors (D:14)
  An unseen horror (D:14)
  A phantasmal warrior (D:13)
  Pikel (D:5)
  An obsidian statue (D:14)
  A wolf spider (D:15)
  The ghost of ultrashaft the Destroyer, a novice DEFE (D:6)
  2 ugly things (D:12)
  A deep elf mage (D:14)
  A salamander (D:15)
  A manticore (D:12)
  4 centaur zombies
  Joseph (D:7)
  A gargoyle (D:14)
  5 kobold demonologists
  A freezing wraith (D:13)
  A yaktaur (shapeshifter) (D:11)
  An efreet (D:14)
  A tengu conjurer (D:14)
  8 trolls
  Prince Ribbit (D:5)
  4 meliai
  2 hornets
  2 slime creatures (D:12)
  9 hippogriffs
  2 shadows
  A wraith (D:12)
  A basilisk (D:12)
  A wyvern (D:10)
  2 hogs (D:13)
  4 yaks (D:13)
  The ghost of Partyfoot the Slasher, an amateur DsGl (D:3)
  2 hungry ghosts
  2 acid dragons
  A porcupine (D:10)
  7 orc warriors
  A phantom (D:6)
  2 black bears (D:10)
  2 ice beasts
  3 sky beasts
  A slave (D:5)
  An eye of draining (D:10)
  9 ogres
  5 centaurs
  2 crocodiles (D:13)
  3 big kobolds
  7 bullfrogs
  A wyvern skeleton (D:13)
  4 scorpions
  12 killer bees
  11 wights
  4 howler monkeys (D:13)
  7 crimson imps
  3 bullfrog zombies
  2 hounds
  2 quasits
  2 jellies
  7 orc priests
  2 centaur skeletons
  Crazy Yiuf (D:6)
  2 bullfrog skeletons
  A gnoll shaman (D:4)
  10 worker ants
  2 iguanas
  12 orc wizards
  A killer bee zombie (D:10)
  2 hound zombies
  A hound skeleton (D:9)
  16 gnolls
  6 adders
  4 shadow imps
  3 oozes
  An adder zombie (D:6)
  An adder skeleton (D:8)
  2 worms
  6 dart slugs
  A leopard gecko (D:1)
  45 orcs
  3 ball pythons
  2 bats (D:1)
  5 giant cockroaches
  6 goblins
  6 hobgoblins
  16 jackals
  A quokka (D:4)
  4 frilled lizards
  13 kobolds
  A leopard gecko zombie (D:8)
  9 rats
378 creatures vanquished.

Vanquished Creatures (others)
  A human (D:13)
1 creature vanquished.

Grand Total: 379 creatures vanquished

Notes
Turn   | Place    | Note
-------+----------+-------------------------------------------
     0 | D:1      | b5mith the Minotaur Berserker began the quest for the Orb.
     0 | D:1      | Reached XP level 1. HP: 19/19 MP: 0/0
   168 | D:1      | Reached XP level 2. HP: 27/27 MP: 1/1
   406 | D:1      | Reached ** piety under Trog
   415 | D:1      | Reached XP level 3. HP: 15/33 MP: 2/2
  1083 | D:2      | Reached XP level 4. HP: 26/40 MP: 3/3
  1272 | D:2      | You fall through a shaft!
  1591 | D:3      | Reached *** piety under Trog
  1832 | D:3      | Noticed Partyfoot's ghost (amateur DsGl)
  1836 | D:3      | Reached XP level 5. HP: 47/47 MP: 4/4
  1845 | D:3      | Killed Partyfoot's ghost
  1845 | D:3      | Reached skill level 5 in Fighting
  1845 | D:3      | Reached skill level 5 in Polearms
  1845 | D:3      | Reached XP level 6. HP: 27/56 MP: 5/5
  2507 | D:4      | HP: 2/56 [gnoll/spear (7)]
  2835 | D:4      | Reached skill level 5 in Armour
  3003 | D:4      | Reached XP level 7. HP: 62/62 MP: 6/6
  3283 | D:5      | Entered Level 5 of the Dungeon
  3292 | D:5      | Reached **** piety under Trog
  3528 | D:5      | Noticed Prince Ribbit
  3539 | D:5      | Killed Prince Ribbit
  3539 | D:5      | Reached skill level 5 in Dodging
  3804 | D:5      | Noticed Pikel
  3812 | D:5      | Killed Pikel
  3812 | D:5      | Reached XP level 8. HP: 48/73 MP: 7/7
  4333 | D:6      | Noticed ultrashaft's ghost (novice DEFE)
  4347 | D:6      | Killed ultrashaft's ghost
  4641 | D:6      | Reached XP level 9. HP: 53/81 MP: 8/8
  4859 | D:6      | Found Agick's Book Shoppe.
  4899 | D:6      | Reached ***** piety under Trog
  4958 | D:6      | Found a staircase to the Ecumenical Temple.
  5218 | D:6      | Found a runed door.
  5223 | D:6      | Noticed Crazy Yiuf
  5225 | D:6      | Killed Crazy Yiuf
  5670 | D:7      | Found a radiant altar of Vehumet.
  5852 | D:7      | Noticed Joseph
  5867 | D:7      | Killed Joseph
  6389 | D:8      | Reached XP level 10. HP: 58/91 MP: 9/9
  7409 | D:9      | Found an ornate altar of the Wu Jian Council.
  7428 | D:9      | HP: 3/91 [hippogriff (8)]
  7763 | D:9      | Noticed a two-headed ogre
  7764 | D:9      | Noticed a two-headed ogre
  7769 | D:9      | Killed a two-headed ogre
  7769 | D:9      | Paralysed by a hornet for 1 turns
  7774 | D:9      | Reached skill level 10 in Fighting
  7774 | D:9      | Reached skill level 10 in Polearms
  7778 | D:9      | Killed a two-headed ogre
  8086 | D:9      | Reached skill level 10 in Armour
  8210 | D:9      | Got a distressingly furry leather armour
  8221 | D:9      | Identified the +0 leather armour "Lofoem" {+Blink rC+ Regen+} (You found it on level 9 of the Dungeon)
  8396 | D:10     | Entered Level 10 of the Dungeon
  8433 | D:10     | Noticed a two-headed ogre
  8440 | D:10     | Killed a two-headed ogre
  8524 | D:9      | Received a gift from Trog
  8538 | D:9      | Reached XP level 11. HP: 43/101 MP: 10/10
  9139 | D:10     | Found a staircase to the Lair.
  9456 | D:11     | Reached skill level 10 in Dodging
  9491 | D:11     | Found a staircase to the Orcish Mines.
  9679 | D:11     | Noticed Erica
  9695 | D:11     | Killed Erica
  9864 | D:11     | Noticed an orb spider
  9864 | D:11     | an orb spider changed into a golden eye
 10217 | D:12     | Noticed a red ugly thing
 10225 | D:12     | Killed a red ugly thing
 10245 | D:12     | Noticed a cyan ugly thing
 10248 | D:12     | Killed a cyan ugly thing
 10383 | D:12     | Noticed a two-headed ogre
 10393 | D:12     | Killed a two-headed ogre
 10742 | D:13     | Noticed a rakshasa
 10860 | D:13     | Noticed a two-headed ogre
 10915 | D:13     | Killed a two-headed ogre
 10956 | D:13     | Found a white marble altar of Elyvilon.
 11006 | D:13     | Noticed a sixfirhy
 11019 | D:13     | Reached XP level 12. HP: 107/112 MP: 8/11
 11179 | D:13     | Found a frozen archway.
 11303 | D:13     | Reached ****** piety under Trog
 11325 | D:13     | Received a gift from Trog
 11333 | D:13     | Got a crude cloak
 11344 | D:13     | Identified the cursed +0 cloak "Osaaroizes" {rF+ Str+3 Int-5 Slay+6} (You found it on level 13 of the Dungeon)
 11344 | D:13     | Lost intelligence.
 11386 | D:13     | Noticed Urug
 11395 | D:13     | Killed Urug
 11682 | D:13     | Noticed Kirke
 11690 | D:13     | Killed Kirke
 11753 | D:13     | Noticed a two-headed ogre
 11755 | D:13     | Killed a two-headed ogre
 11768 | D:13     | Noticed Frances
 11784 | D:13     | Killed Frances
 12032 | D:13     | Noticed a vault guard
 12037 | D:13     | Killed a vault guard
 12052 | D:13     | Found a gate to the Vaults.
 12164 | D:14     | Noticed Roxanne
 12164 | D:14     | Noticed a death knight
 12393 | D:14     | Noticed a centaur warrior
 12592 | D:13     | Killed a centaur warrior
 12759 | D:14     | Reached XP level 13. HP: 97/122 MP: 12/12
 12803 | D:14     | Found a radiant altar of Vehumet.
 13088 | D:14     | Killed Roxanne
 13284 | D:14     | Lost intelligence.
 13358 | D:14     | Received a gift from Trog
 13383 | D:14     | Got a pitted triple sword {god gift}
 13384 | D:14     | Identified the +12 triple sword of Exhibitionism {slice, rPois rC+} (Trog gifted it to you on level 14 of the Dungeon)
 13734 | D:15     | Entered Level 15 of the Dungeon
 14193 | D:15     | HP: 5/125 [two-headed ogre/dire flail (6)]
 14193 | D:15     | Mangled by a two-headed ogre

Vault maps used:
D:1:      ncdulo_smallfort, minmay_split_cup_large
D:2:      uniq_natasha
D:3:      first_ration, minmay_goblin_outpost
D:5:      uniq_pikel, uniq_prince_ribbit1
D:6:      minmay_temple_entry_large_hall, serial_shops, shop,
          uniq_crazy_yiuf_cottage
D:7:      basic_altar, grunt_ogre_cave, kennysheep_generic_room_7, uniq_joseph
D:9:      nicolae_overflow_crystal_walls
D:10:     grunt_lair_entry_orc_guard_hut
D:11:     orc_0_dummy, uniq_erica
D:12:     basic_altar, lemuel_centaur_altar
D:13:     david_vaults_5, lab_entry_generic, basic_altar,
          portal_ice_cave_entry_pillars_2, minmay_strange_pillars, uniq_kirke,
          uniq_urug, uniq_frances
D:14:     lemuel_statue_altar, uniq_roxanne
D:15:     hangedman_depths_entry_try_elsewhere_first, grunt_decor_arrowhead,
          hangedman_decor_diamond_cutter, due_unseen_surprise

Skill      XL: |  1  2  3  4  5  6  7  8  9 10 11 12 13 |
---------------+----------------------------------------+-----
Fighting       | 4 5 7 9 10 12 13 14 | 14.4
Polearms       | 4 5 7 9 10 12 13 14 | 14.4
Armour         | 3 4 5 6 7 9 10 11 13 14 | 14.2
Dodging        | 3 4 5 6 8 9 11 12 13 | 13.2

Action                   |  1- 3 |  4- 6 |  7- 9 | 10-12 | 13-15 || total
-------------------------+-------+-------+-------+-------+-------++-------
Melee: Spear             |   101 |    36 |       |       |       ||   137
       Headbutt          |    20 |    14 |    34 |    95 |    39 ||   202
       Halberd           |       |    80 |   197 |   127 |       ||   404
       Glaive            |       |       |       |   333 |   132 ||   465
       Triple sword      |       |       |       |       |     5 ||     5
Throw: Stone             |    23 |    90 |    68 |    13 |       ||   194
       Javelin           |       |       |       |    42 |    14 ||    56
Invok: Berserk           |       |     3 |     3 |     8 |     4 ||    18
       Trog's Hand       |       |     1 |       |     2 |       ||     3
Evoke: Wand              |       |       |     2 |     2 |       ||     4
  Use: Scroll            |     1 |     4 |     5 |     9 |       ||    19
       Potion            |       |     1 |       |     7 |     2 ||    10
 Stab: Sleeping          |       |       |     2 |     1 |       ||     3
  Eat: Chunk             |     1 |     6 |    10 |    13 |     2 ||    32
       Ration            |       |     1 |     1 |     6 |     2 ||    10
Armor: Animal skin       |     6 |     4 |    27 |     8 |       ||    45
       Leather armour    |       |       |       |    50 |       ||    50
       Acid dragon scale |       |       |       |    56 |    44 ||   100
Dodge: Dodged            |    37 |    84 |   154 |   512 |   160 ||   947
       Rpst.: Triple sword |       |       |       |       |     4 ||     4

Table legend:
 A = Spawn XP
 B = Non-spawn XP
 C = Spawn XP percentage of total XP
 D = Spawn monster count
 E = Non-spawn monster count
 F = Spawn count percentage of total count
 G = Total turns spent on level
                    A         B        C        D         E        F      G
               +---------+---------+-------+---------+---------+-------+---------
         Total |       0 |   59441 |   0.0 |       0 |     377 |   0.0 | 14193
               +---------+---------+-------+---------+---------+-------+---------
           D:1 |       0 |      68 |   0.0 |       0 |      35 |   0.0 |   740
           D:2 |       0 |      30 |   0.0 |       0 |      10 |   0.0 |   532
           D:3 |       0 |     287 |   0.0 |       0 |      22 |   0.0 |  1258
           D:4 |       0 |     434 |   0.0 |       0 |      28 |   0.0 |   753
           D:5 |       0 |    1142 |   0.0 |       0 |      13 |   0.0 |  1010
           D:6 |       0 |    2082 |   0.0 |       0 |      37 |   0.0 |  1250
           D:7 |       0 |     951 |   0.0 |       0 |      10 |   0.0 |   512
           D:8 |       0 |     835 |   0.0 |       0 |      19 |   0.0 |   995
           D:9 |       0 |    3580 |   0.0 |       0 |      23 |   0.0 |  1492
          D:10 |       0 |    3632 |   0.0 |       0 |      30 |   0.0 |   779
          D:11 |       0 |    2313 |   0.0 |       0 |      12 |   0.0 |   856
          D:12 |       0 |    5635 |   0.0 |       0 |      22 |   0.0 |   717
          D:13 |       0 |   15292 |   0.0 |       0 |      59 |   0.0 |  1816
          D:14 |       0 |   15691 |   0.0 |       0 |      37 |   0.0 |  1231
          D:15 |       0 |    7469 |   0.0 |       0 |      20 |   0.0 |   252
               +---------+---------+-------+---------+---------+-------+---------
